 Dungeon Crawl Stone Soup version 0.22-a0-603-gfc1114d (webtiles) character file.

4328 gmonis the Blocker (level 10, -3/115 HPs)
             Began as a Minotaur Berserker on July 7, 2018.
             Was an Elder of Trog.
             Slain by a wolf (4 damage)
             ... led by Grum
             ... on level 8 of the Dungeon.
             The game lasted 00:17:57 (8083 turns).

gmonis the Blocker (Minotaur Berserker)             Turns: 8083, Time: 00:17:58

Health: -3/115     AC:  4    Str: 28    XL:     10   Next: 12%
Magic:  9/9        EV:  9    Int:  4    God:    Trog [****..]
Gold:   530        SH: 20    Dex: 12    Spells: 9/9 levels left

rFire    + . .     SeeInvis .   y - +0 flail (venom)
rCold    . . .     Gourm    +   q - +0 large shield
rNeg     . . .     Faith    .   m - +1 leather armour of Hoivven {Slay+2}
rPois    .         Spirit   .   (helmet restricted)
rElec    .         Reflect  .   (no cloak)
rCorr    +         Harm     .   (no gloves)
MR       .....                  (no boots)
Stlth    ..........             n - amulet of the gourmand
HPRegen  0.29/turn              K - ring of resist corrosion
MPRegen  0.11/turn              J - ring of protection from fire

@: berserking, lethally poisoned (-3 -> -10), drained, very quick
A: retaliatory headbutt, horns 2
a: Berserk, Trog's Hand, Brothers in Arms, Renounce Religion


You were on level 8 of the Dungeon.
You worshipped Trog.
Trog was greatly pleased with you.
You were near starving.

You visited 2 branches of the dungeon, and saw 9 of its levels.
You also visited: Ossuary.

You collected 530 gold pieces.

Inventory:

Hand Weapons
 a - a +0 mace
 y - a +0 flail of venom (weapon)
Missiles
 h - 295 stones (quivered)
Armour
 b - a +0 animal skin
 m - the +1 leather armour of Hoivven (worn) {Slay+2}
   (You found it on level 6 of the Dungeon)

   It affects your accuracy and damage with ranged weapons and melee attacks
   (+2).
 q - a +0 large shield (worn)
 w - a +2 leather armour of cold resistance
Jewellery
 e - a +5 ring of intelligence
 n - an amulet of the gourmand (around neck)
 J - a ring of protection from fire (right hand)
 K - a ring of resist corrosion (left hand)
Wands
 t - a wand of iceblast (12)
Scrolls
 d - a scroll of identify
 g - 6 scrolls of remove curse
 i - 5 scrolls of fear {unknown}
 l - 2 scrolls of fog {unknown}
 o - 2 scrolls of magic mapping {unknown}
 s - a scroll of blinking {unknown}
 v - 3 scrolls of immolation {unknown}
 x - 3 scrolls of enchant armour {unknown}
 A - a scroll of enchant weapon {unknown}
 B - 3 scrolls of random uselessness {unknown}
 E - 5 scrolls of teleportation {unknown}
 F - a scroll of noise {unknown}
 G - a scroll of brand weapon {unknown}
 I - 2 scrolls of amnesia {unknown}
Potions
 f - 2 potions of mutation
 j - 2 potions of lignification
 k - 5 potions of curing
 p - 2 potions of might
 r - 2 potions of ambrosia
 u - 3 potions of haste
 z - a potion of agility {unknown}
 C - a potion of heal wounds
 D - 2 potions of berserk rage {unknown}
 H - a potion of brilliance {unknown}
Comestibles
 c - 14 rations


   Skills:
 - Level 3.6(3.3) Fighting
 + Level 11.0(10.6) Maces & Flails
 + Level 6.1(5.7) Armour
 - Level 2.1(1.8) Dodging
 * Level 12.5(12.1) Shields


You had 9 spell levels left.
You didn't know any spells.
Your spell library was empty.

Dungeon Overview and Level Annotations

Branches:
Dungeon (8/15)             Temple (1/1) D:6
   Lair: D:8-11

Altars:
Ashenzari
Cheibriados
Dithmenos
Elyvilon
Fedhas
Gozag
Hepliaklqana
Kikubaaqudgha
Makhleb
Nemelex Xobeh
Okawaru
Qazlal
Ru
Sif Muna
Trog
Uskayaw
Vehumet
Wu Jian
Xom
Yredelemnul
Zin
The Shining One

Shops:
D:4 (


Innate Abilities, Weirdness & Mutations

You reflexively headbutt those who attack you in melee.
You have a pair of horns on your head.


Message History

* * * LOW HITPOINT WARNING * * *
The wolf barely misses you. You furiously retaliate!
You headbutt the wolf! You block the killer bee's attack. The wolf bites you!
* * * LOW HITPOINT WARNING * * *
The wolf misses you. You furiously retaliate!
You headbutt the wolf! You block the wolf's attack. The killer bee stings you.
* * * LOW HITPOINT WARNING * * *
You are more poisoned.
The killer bee poisons you! The wolf barely misses you.
You furiously retaliate!
You headbutt the wolf! You closely miss the killer bee.
The killer bee is almost dead.
* * * LOW HITPOINT WARNING * * *
You feel sick.
You feel the power of Trog in you as your rage grows.
You kill the killer bee!
Trog accepts your kill. The wolf closely misses you.
You block the wolf's attack. x2
You block the killer bee's attack. The wolf bites you.
You die...

#....># ##### #.....#
#...####+##.....#
######...##....#.....#
...............#.....###
.........(.....#........
...............#........
......)hy......#.......!
#.@h......#........
#h.h......#.(......
#########'##.(......
#...................
#...........#'###...
+.....(.....#)..#...
#..(...(..(.(...#$..
#...........#...+...
.......S.......#...#...


You could see 4 wolves and a killer bee.

Vanquished Creatures
  Pikel (D:4)
  Joseph (D:7)
  Grinder (D:6)
  Grum (D:8)
  Eustachio (D:6)
  Edmund (D:4)
  A water moccasin (D:5)
  3 ice beasts
  3 sky beasts
  An orc warrior (D:8)
  An ogre (D:7)
  A phantom (D:5)
  3 centaurs
  A big kobold (D:7)
  2 bullfrogs (D:7)
  2 wyvern zombies (Ossuary)
  4 killer bees (D:8)
  A howler monkey (D:4)
  5 wights (D:8)
  A crimson imp (D:6)
  4 bullfrog zombies
  4 hounds
  A quasit (D:6)
  2 orc priests (D:3)
  Jessica (D:2)
  Ijyb (D:4)
  2 orc wizards
  4 worker ants
  A killer bee zombie (Ossuary)
  7 hound zombies
  2 hound skeletons
  12 mummies
  A howler monkey zombie (Ossuary)
  A worker ant zombie (Ossuary)
  Robin (D:4)
  3 adders
  A gnoll (D:1)
  A shadow imp (D:7)
  An ooze (D:2)
  An adder zombie (Ossuary)
  An adder skeleton (D:6)
  A worm (D:3)
  6 leopard geckos
  12 orcs
  2 ball pythons (D:1)
  4 bats
  5 giant cockroaches
  17 goblins
  10 hobgoblins
  5 jackals
  4 kobolds
  5 quokkas
  5 frilled lizards
  A giant cockroach zombie (Ossuary)
  A goblin zombie (D:5)
  A hobgoblin zombie (D:5)
  A jackal zombie (Ossuary)
  2 leopard gecko skeletons (D:7)
  A leopard gecko zombie (Ossuary)
  2 quokka zombies (Ossuary)
  6 rats
178 creatures vanquished.

Vanquished Creatures (others)
  A slave (D:7)
  A kobold (D:7)
2 creatures vanquished.

Grand Total: 180 creatures vanquished

Notes
Turn   | Place    | Note
-------+----------+-------------------------------------------
     0 | D:1      | gmonis the Minotaur Berserker began the quest for the Orb.
     0 | D:1      | Reached XP level 1. HP: 19/19 MP: 0/0
   532 | D:1      | Reached XP level 2. HP: 26/26 MP: 1/1
   802 | D:1      | Reached skill level 5 in Maces & Flails
   802 | D:1      | Reached XP level 3. HP: 31/31 MP: 2/2
  1245 | D:2      | Reached ** piety under Trog
  1464 | D:2      | Noticed Jessica
  1470 | D:2      | Killed Jessica
  1470 | D:2      | Reached XP level 4. HP: 35/39 MP: 3/3
  2526 | D:3      | Reached skill level 1 in Shields
  2531 | D:3      | Reached skill level 2 in Shields
  2531 | D:3      | Reached XP level 5. HP: 39/45 MP: 4/4
  2986 | D:3      | Reached skill level 3 in Shields
  3372 | D:4      | Noticed Ijyb
  3383 | D:4      | Killed Ijyb
  3422 | D:4      | Reached skill level 4 in Shields
  3422 | D:4      | Reached XP level 6. HP: 46/51 MP: 5/5
  3492 | D:4      | Noticed Edmund
  3501 | D:4      | Killed Edmund
  3501 | D:4      | Reached skill level 5 in Shields
  3712 | D:4      | Found an ancient bone altar of Kikubaaqudgha.
  3786 | D:4      | Noticed Robin
  3791 | D:4      | Reached *** piety under Trog
  3796 | D:4      | Killed Robin
  3953 | D:4      | Found Wyinyl Ugg's Antique Weapon Shoppe.
  4136 | D:4      | Noticed a slave
  4136 | D:4      | Noticed a slave
  4137 | D:4      | Noticed Pikel
  4146 | D:4      | Killed Pikel
  4146 | D:4      | Reached skill level 7 in Shields
  4146 | D:4      | Reached XP level 7. HP: 38/57 MP: 6/6
  4430 | D:5      | Entered Level 5 of the Dungeon
  4435 | D:5      | Reached XP level 8. HP: 64/64 MP: 7/7
  4451 | D:5      | Found a sand-covered staircase.
  4464 | D:5      | Reached skill level 8 in Shields
  4468 | Ossuary  | Entered an ossuary
  4642 | Ossuary  | Reached skill level 9 in Shields
  5095 | Ossuary  | Reached **** piety under Trog
  5357 | D:5      | Reached skill level 10 in Shields
  5553 | D:5      | Reached XP level 9. HP: 70/70 MP: 8/8
  5961 | D:6      | Noticed Grinder
  5961 | D:6      | Paralysed by Grinder for 7 turns
  5974 | D:6      | Killed Grinder
  5974 | D:6      | Reached skill level 10 in Maces & Flails
  6038 | D:6      | Noticed Eustachio
  6054 | D:6      | Killed Eustachio
  6054 | D:6      | Reached skill level 11 in Shields
  6308 | D:6      | Got a jewelled leather armour
  6319 | D:6      | Identified the cursed +1 leather armour of Hoivven {Slay+2} (You found it on level 6 of the Dungeon)
  6434 | D:6      | Found a staircase to the Ecumenical Temple.
  6493 | Temple   | Entered the Ecumenical Temple
  6906 | D:7      | Noticed Joseph
  6926 | D:7      | Killed Joseph
  6926 | D:7      | Reached skill level 5 in Armour
  7560 | D:7      | Reached skill level 12 in Shields
  7823 | D:8      | Reached XP level 10. HP: 40/77 MP: 9/9
  8068 | D:8      | Noticed Grum
  8081 | D:8      | Killed Grum
  8082 | D:8      | HP: 5/115 [wolf[Grum] (10)]
  8082 | D:8      | HP: 1/115 [killer bee (4)]
  8083 | D:8      | Slain by a wolf

Vault maps used:
D:1:      dpeg_cavernosity, st_stairs_9, minmay_pentomino_q2
D:2:      dk_noncrumbling_3, uniq_jessica
D:3:      first_ration
D:4:      kiku_gazebo_garden_becter, serial_shops, shop, uniq_edmund,
          uniq_robin, uniq_pikel, uniq_ijyb
D:5:      nicolae_ossuary_entry_giza
D:6:      minmay_temple_entry_large_hall, uniq_grinder, uniq_eustachio
D:7:      uniq_joseph
D:8:      enter_bailey_7, uniq_grum
Temple:   minmay_crystal_snake_temple
Ossuary:  ossuary_zaba_flooded

Skill      XL: |  1  2  3  4  5  6  7  8  9 10 |
---------------+-------------------------------+-----
Maces & Flails | 4 5 6 7 8 9 10 11 | 11.0
Shields        | 2 4 7 10 12 | 12.5
Armour         | 5 6 |  6.1
Fighting       | |  3.6
Dodging        | |  2.1

Action                   |  1- 3 |  4- 6 |  7- 9 | 10-12 || total
-------------------------+-------+-------+-------+-------++-------
Melee: Mace              |    63 |   113 |       |       ||   176
       Headbutt          |     9 |    26 |    66 |     2 ||   103
       Flail             |       |    26 |   356 |    22 ||   404
Invok: Berserk           |       |     4 |     3 |     1 ||     8
       Trog's Hand       |       |       |     1 |       ||     1
  Use: Scroll            |       |       |     9 |       ||     9
       Potion            |       |       |     1 |       ||     1
  Eat: Chunk             |     1 |    13 |    13 |       ||    27
       Ration            |       |       |     1 |       ||     1
Armor: Animal skin       |    14 |     8 |       |       ||    22
       Leather armour    |       |    10 |    53 |     3 ||    66
Dodge: Dodged            |    39 |    35 |    67 |    13 ||   154
Block: Large shield      |       |    86 |   295 |    42 ||   423

Table legend:
 A = Spawn XP
 B = Non-spawn XP
 C = Spawn XP percentage of total XP
 D = Spawn monster count
 E = Non-spawn monster count
 F = Spawn count percentage of total count
 G = Total turns spent on level
                    A         B        C        D         E        F      G
               +---------+---------+-------+---------+---------+-------+---------
         Total |       0 |    6184 |   0.0 |       0 |     178 |   0.0 |  8083
               +---------+---------+-------+---------+---------+-------+---------
           D:1 |       0 |      53 |   0.0 |       0 |      25 |   0.0 |  1161
           D:2 |       0 |      85 |   0.0 |       0 |      16 |   0.0 |  1147
           D:3 |       0 |     181 |   0.0 |       0 |      25 |   0.0 |  1059
           D:4 |       0 |     986 |   0.0 |       0 |      18 |   0.0 |  1063
           D:5 |       0 |     902 |   0.0 |       0 |      16 |   0.0 |   747
           D:6 |       0 |     955 |   0.0 |       0 |      13 |   0.0 |   696
           D:7 |       0 |    1047 |   0.0 |       0 |      15 |   0.0 |   854
           D:8 |       0 |    1174 |   0.0 |       0 |      19 |   0.0 |   408
       Ossuary |       0 |     801 |   0.0 |       0 |      31 |   0.0 |   753
               +---------+---------+-------+---------+---------+-------+---------
